Map: Dusk Towers

Players

Numiro - Winner!

  • Race: Protoss Protoss
  • League: Platinum

A.I. 1 (Very Easy)

  • Race: Terran Terran

VOD

Have the link to the VOD?

Description

1 gate expo in to +1 adept 4 gate harass (with AS)

Time

  • Played on: Feb. 19, 2016, 9:20 a.m.
  • Length: 14:25
Show
View Real Time Build Order
Export as new Build Order

Numiro Protoss - Winner!

Build Orders: 1 Gate Expand 

Get SALT Encoding   

  12  0:02  Probe (Chrono Boost)  
  13  0:12  Probe (Chrono Boost)  
  14  0:18  Pylon  
  14  0:24  Probe (Chrono Boost)  
  15  0:36  Probe (Chrono Boost)  
  15  0:38  Gateway  
  16  0:47  Probe (Chrono Boost)  
  17  0:50  Assimilator  
  17  0:57  Probe (Chrono Boost)  
  18  1:08  Probe (Chrono Boost)  
  19  1:22  Nexus  
  19  1:30  Probe (Chrono Boost)  
  20  1:37  Cybernetics Core  
  20  1:41  Probe (Chrono Boost)  
  20  1:45  Assimilator  
  21  1:51  Probe (Chrono Boost)  
  22  1:55  Pylon  
  22  2:02  Probe (Chrono Boost)  
  23  2:13  Adept (Chrono Boost), Warp Gate  
  25  2:16  Probe  
  26  2:24  Forge  
  27  2:32  Mothership Core  
  27  2:33  Probe  
  29  2:40  Adept (Chrono Boost)  
  29  2:43  Probe  
  31  2:53  Probe  
  31  2:54  Probe  
  31  2:58  Protoss Ground Weapons Level 1 (Chrono Boost)  
  33  3:04  Probe  
  33  3:05  Probe  
  33  3:08  Assimilator  
  35  3:15  Probe  
  35  3:17  Twilight Council  
  35  3:18  Probe  
  37  3:23  Adept  
  37  3:25  Probe  
  39  3:30  Probe  
  41  3:36  Probe  
  42  3:42  Probe  
  42  3:43  Pylon  
  42  3:47  Robotics Facility, Probe  
  43  3:52  Adept  
  46  3:55  Resonating Glaives (Chrono Boost)  
  46  4:01  Probe  
  47  4:04  Pylon, Probe  
  48  4:14  Gateway  
  48  4:24  Probe  
  48  4:26  Probe  
  48  4:31  Gateway, Warp Prism (Chrono Boost)  
  50  4:32  Gateway  
  50  4:38  Probe  
  52  4:39  Probe  
  52  4:42  Assimilator  
  54  4:51  Probe  
  55  4:53  Probe  
  55  4:59  Sentry  
  58  5:03  Probe  
  58  5:05  Probe  
  58  5:07  Observer, Nexus  
  61  5:17  Pylon  
  61  5:19  Pylon  
  61  5:25  Observer  
  62  5:36  Adept x2  
  62  5:37  Adept x2  
  70  5:45  Blink (Chrono Boost)  
  70  5:46  Gateway  
  70  5:47  Gateway  
  70  5:48  Protoss Ground Armor Level 1 (Chrono Boost)  
  70  5:51  Forge  
  70  6:00  Probe x2  
  70  6:02  Observer  
  73  6:05  Adept  
  73  6:06  Adept  
  77  6:14  Pylon  
  77  6:15  Pylon  
  77  6:25  Sentry x2  
  73  6:26  Sentry, Immortal (Chrono Boost)  
  73  6:28  Sentry  
  81  6:34  Protoss Ground Weapons Level 2 (Chrono Boost)  
  81  6:50  Pylon  
  81  6:53  Probe x2, Pylon  
  83  6:55  Probe  
  84  7:07  Stalker x3  
  84  7:08  Stalker x2, Immortal  
  92  7:12  Stalker  
  100  7:24  Assimilator  
  100  7:25  Probe x3  
  100  7:26  Assimilator  
  103  7:30  Stalker  
  103  7:31  Stalker x3  
  103  7:32  Stalker  
  103  7:36  Stalker  
  115  7:44  Probe  
  115  7:45  Protoss Ground Armor Level 2 (Chrono Boost), Probe x2  
  115  7:48  Immortal  
  118  7:56  Probe  
  118  7:57  Probe  
  124  8:07  Probe  
  125  8:14  Pylon  
  125  8:16  Pylon  
  125  8:17  Pylon  
  125  8:20  Gateway  
  125  8:21  Gateway  
  125  8:32  Probe x2  
  125  8:33  Probe  
  128  8:36  Protoss Ground Weapons Level 3 (Chrono Boost)  
  128  8:37  Nexus  
  128  8:40  Pylon  
  128  8:43  Templar Archives  
  128  8:45  Immortal, Probe x2  
  128  8:46  Probe  
  131  8:55  Charge  
  135  9:15  Stalker x2  
  135  9:16  Stalker x4  
  146  9:25  Gateway, Immortal  
  146  9:26  Gateway  
  146  9:29  Pylon  
  150  9:32  High Templar  
  150  9:33  High Templar  
  154  9:39  High Templar  
  156  9:47  Pylon  
  156  9:48  High Templar  
  156  9:49  Pylon  
  156  9:50  Pylon  
  158  9:59  Gateway, Immortal  
  158  10:00  Gateway  
  158  10:03  High Templar  
  158  10:04  Pylon  
  158  10:05  High Templar  
  166  10:10  Assimilator  
  166  10:15  Assimilator  
  166  10:20  Zealot x2  
  166  10:21  Zealot x4  
  178  10:31  Gateway  
  178  10:32  Gateway  
  178  10:35  Probe  
  178  10:36  Probe x2  
  178  10:37  Probe  
  178  10:40  High Templar x2  
  178  10:42  High Templar x2  
  190  10:44  Archon  
  190  10:46  Archon  
  190  10:49  Immortal  
  190  10:54  Stargate  
  194  11:00  Protoss Shields Level 1 (Chrono Boost)  
  194  11:09  Protoss Ground Armor Level 3 (Chrono Boost)  
  184  11:15  Zealot x7  
  188  11:26  Immortal  
  188  11:38  Zealot x5  
  188  11:39  Zealot  
  200  12:07  Nexus  
  200  12:09  Pylon  
  200  12:12  Pylon  
  200  12:15  Pylon  
  200  12:21  Gateway  
  200  12:22  Gateway  
  200  12:23  Assimilator, Pylon  
  200  12:24  Pylon  
  200  12:28  Gateway  
  200  12:30  Gateway, Assimilator  
  200  12:32  Gateway  
  200  12:33  Gateway  
Show
View Real Time Build Order
Export as new Build Order

A.I. 1 (Very Easy) Terran 

Build Orders:  

Get SALT Encoding   

  12  0:00  SCV  
  13  0:13  SCV  
  14  0:19  Supply Depot  
  14  0:50  Command Center  
  14  0:57  Refinery  
  14  1:11  Barracks  
  14  1:17  Refinery  
  14  1:28  Supply Depot  
  14  2:01  Factory  
  14  2:05  Orbital Command  
  14  2:10  SCV  
  15  2:23  SCV  
  17  2:37  SCV  
  17  2:48  Starport  
  17  2:49  SCV  
  18  3:02  SCV  
  19  3:13  SCV  
  20  3:20  SCV  
  20  3:24  Starport Tech Lab  
  21  3:28  SCV  
  22  3:42  Viking  
  24  4:12  Medivac  
  26  4:42  Viking  
  28  5:46  Viking  
  26  6:31  Viking  
  24  7:16  Viking  
  26  8:02  Raven, SCV  
  26  8:03  Refinery  
  27  8:06  Starport  
  27  8:08  Refinery  
  27  8:09  SCV  
  28  8:16  SCV  
  29  8:23  SCV  
  30  8:31  SCV  
  30  8:34  Supply Depot  
  31  8:38  SCV  
  32  8:43  Starport Tech Lab  
  32  8:45  Viking  
  32  8:46  SCV  
  35  8:53  SCV  
  36  9:01  Raven, SCV  
  39  9:08  SCV  
  40  9:15  SCV  
  41  9:22  SCV  
  42  9:29  SCV  
  41  9:33  Supply Depot  
  41  9:34  Viking  
  41  9:37  SCV  
  44  9:44  SCV  
  45  9:51  SCV  
  45  9:58  SCV  
  46  10:05  SCV  
  47  10:12  SCV  
  46  10:29  Viking  
  46  11:25  Viking, SCV  
  48  11:53  Marine  
  49  11:56  SCV  
  49  11:58  Supply Depot  
  43  12:03  SCV  
  43  12:05  Starport Tech Lab  
  35  12:11  SCV  
  32  12:18  SCV  
  28  12:34  Supply Depot  
  23  12:43  Supply Depot  
  23  13:04  Barracks  
  23  13:05  SCV  
  22  13:17  SCV  
  22  13:19  Supply Depot  
  23  13:28  Barracks, Command Center  
  22  13:44  Supply Depot  
  21  14:02  SCV  
Tags
 
Add a new tag
Caveats
  • Supply blocks, unpowered buildings, or Contaminate may cause inaccurate times.
  • Supply counts are checked every 10 seconds.